 Dungeon Crawl Stone Soup version 0.27.0-1-g7a089689b8 (webtiles) character file.

Game seed: 14703778925261577246

4207 inmateoo the Martial Artist (level 10, -7/91 HPs)
             Began as a Gnoll Transmuter on Aug 2, 2021.
             Was a Priest of Cheibriados.
             Mangled by a sun demon (18 damage)
             ... summoned by a kobold demonologist
             ... on level 9 of the Dungeon.
             The game lasted 00:10:00 (8850 turns).

inmateoo the Martial Artist (Gnoll Transmuter)      Turns: 8850, Time: 00:10:00

Health: -7/91      AC: 12    Str: 16    XL:     10   Next: 29%
Magic:  3/20       EV: 14    Int: 23    God:    Cheibriados [***...]
Gold:   1157       SH:  0    Dex: 20    Spells: 3/23 levels left

rFire    x . .     SeeInvis .     - Unarmed
rCold    + + +     Faith    .   (shield currently unavailable)
rNeg     . . .     Spirit   .   (armour currently unavailable)
rPois    +         Reflect  .   (helmet currently unavailable)
rElec    .         Harm     .   (cloak currently unavailable)
rCorr    .         Rampage  .   (gloves currently unavailable)
Will     .....                  (boots currently unavailable)
Stlth    +++.......             (no amulet)
HPRegen  0.25/turn              u - +4 ring of protection
MPRegen  0.17/turn              E - ring of poison resistance

@: ice-form, very slow
A: freezing attack, amphibious, boosted hp, large, (fangs 1), strong nose,
distributed training
a: End Transformation, Renounce Religion, Bend Time, Temporal Distortion


You were on level 9 of the Dungeon.
You worshipped Cheibriados.
Cheibriados was most pleased with you.
You were a creature of crystalline ice.
You visited 2 branches of the dungeon, and saw 10 of its levels.
You also visited: Ossuary.

You collected 1157 gold pieces.

Inventory:

Hand Weapons
 d - a +2 whip of venom
Missiles
 f - a throwing net
Armour
 a - a +0 robe (melded)
 b - a +1 pair of gloves (melded)
 y - a +0 pair of boots (melded)
 F - a +0 helmet (melded)
Jewellery
 u - a +4 ring of protection (left front paw)
 E - a ring of poison resistance (right front paw)
Wands
 j - a wand of iceblast (15)
 l - a wand of mindburst (11)
 o - a wand of acid (3)
 w - a wand of flame (18)
Scrolls
 m - 2 scrolls of teleportation
 r - a scroll of enchant armour
 x - a scroll of enchant weapon
 C - 2 scrolls of amnesia
 D - 2 scrolls of silence
Potions
 c - 4 potions of haste
 e - a potion of ambrosia
 g - a potion of magic {unknown}
 h - 2 potions of lignification {unknown}
 i - a potion of heal wounds {unknown}
 k - a potion of cancellation {unknown}
 n - 3 potions of degeneration {unknown}
 p - 4 potions of attraction {unknown}
 q - 3 potions of curing {unknown}
 s - a potion of brilliance {unknown}
 t - a potion of might
 v - a potion of mutation {unknown}
 A - a potion of berserk rage {unknown}
 B - 2 potions of resistance {unknown}


   Skills:
 + Level 5.8 Fighting
 + Level 5.1 Short Blades
 + Level 5.1 Long Blades
 + Level 5.1 Axes
 + Level 5.1 Maces & Flails
 + Level 5.1 Polearms
 + Level 5.1 Staves
 + Level 5.1 Slings
 + Level 5.1 Bows
 + Level 5.1 Crossbows
 + Level 5.1 Throwing
 + Level 5.1 Armour
 + Level 7.0 Dodging
 + Level 5.1 Stealth
 + Level 5.1 Shields
 + Level 8.4 Unarmed Combat
 + Level 7.2 Spellcasting
 + Level 4.2 Conjurations
 + Level 4.2 Hexes
 + Level 4.2 Summonings
 + Level 4.2 Necromancy
 + Level 4.2 Translocations
 + Level 5.8 Transmutations
 + Level 4.2 Fire Magic
 + Level 4.2 Ice Magic
 + Level 4.2 Air Magic
 + Level 4.2 Earth Magic
 + Level 4.2 Poison Magic
 + Level 5.6 Invocations
 + Level 5.1 Evocations


You had 3 spell levels left.
You knew the following spells:

 Your Spells              Type           Power      Damage    Failure   Level
a - Beastly Appendage     Tmut           70%        N/A       1%          1
b - Wereblood             Tmut           35%        N/A       1%          2
c - Summon Lightning Spi  Summ/Air       27%        N/A       13%         4
d - Ice Form              Ice/Tmut       31%        N/A       10%         4
e - Passwall              Tmut/Erth      25%        N/A       1%          2
f - Petrify               Tmut/Erth      31%        N/A       10%         4
g - Spider Form           Tmut/Pois      15%        N/A       2%          3

Your spell library contained the following spells:

 Spells                   Type           Power      Damage    Failure   Level
 Magic Dart               Conj           100%       1d8       1%          1
 Sandblast                Erth           54%        2d13      1%          1
 Summon Small Mammal      Summ           100%       N/A       1%          1
 Ensorcelled Hibernation  Hex/Ice        54%        N/A       1%          2
 Searing Ray              Conj           54%        3d5       1%          2
 Sublimation of Blood     Necr           13%        N/A       1%          2
 Animate Armour           Summ/Erth      54%        N/A       13%         4
 Fulminant Prism          Conj/Hex       13%        3d9       13%         4
 Bolt of Magma            Conj/Fire/Erth 13%        4d8       34%         5
 Lee's Rapid Deconstruct  Erth           13%        3d10*     34%         5
 Summon Forest            Summ/Tloc      13%        N/A       34%         5
 Summon Mana Viper        Hex/Summ       27%        N/A       34%         5
 Shadow Creatures         Summ           N/A        N/A       89%         6
 Haunt                    Necr/Summ      13%        N/A       100%        7
 Malign Gateway           Summ/Tloc      13%        N/A       100%        7
 Summon Hydra             Summ           13%        N/A       100%        7


Dungeon Overview and Level Annotations

Branches:
Dungeon (9/15)             Temple (1/1) D:5         Ossuary (visited)
   Lair: D:8-11         Orc: D:9-12

Altars:
Ashenzari
Cheibriados
Fedhas
Gozag
Makhleb
Qazlal
Wu Jian
Xom
Zin

Shops:
D:1 !

Annotations:
D:3 2 transporters, wakim's ghost, amateur DEIE
D:9 1 runed translucent door


Innate Abilities, Weirdness & Mutations

You are a creature of crystalline ice.
You have a powerful freezing melee attack.
You are amphibious.
Your maximum health is increased.
Your armour is entirely melded.
You are incapable of wielding weapons or throwing items.
((You have very sharp teeth.))
Your uncanny sense of smell can sniff out nearby items.
Your experience applies equally to all skills.


Message History

g - Guard the area. f - Follow me.
Anything else - Cancel.
Gang up on whom?
Press: ? - help, Dir - move target, f - kobold demonologist
Aim: a kobold demonologist, wielding a +0 dagger and wearing a +0 robe Attack!
The kobold demonologist looks satisfied for a moment.
Your lightning spire shoots out a bolt of lightning at the kobold demonologist!
The bolt of electricity hits the kobold demonologist!
Your lightning spire shoots out a bolt of lightning at the kobold demonologist!
The bolt of electricity hits the kobold demonologist!
The kobold brigand shouts!
You hear a shout!
A kobold comes into view. It is wielding a +0 dagger.
Your lightning spire shoots out a bolt of lightning at the kobold demonologist!
The bolt of electricity hits the kobold demonologist!
The kobold brigand throws a poisoned dart.
The poisoned dart hits you!
The kobold demonologist casts a spell.
Send 'em back where they came from!
Your lightning spire disappears in a puff of smoke!
A kobold comes into view. It is wielding a +0 whip.
The kobold shouts!
The kobold demonologist shouts!
The kobold demonologist mumbles some strange words.
You hear a shout!
An orc wizard comes into view. It is wielding a +0 dagger.
The orc wizard shouts!
The kobold demonologist mumbles some strange words.
Things that are here:
a +0 short sword; a kobold corpse An orc comes into view.
It is wielding a +0 club.
The sun demon hits you!
You are engulfed in flames!!
The fire burns you terribly!
* * * LOW HITPOINT WARNING * * *
A kobold comes into view. It is wielding a +0 dagger.
The kobold brigand barely misses you.
The kobold demonologist hits you but does no damage.
The sun demon hits you!
* * * LOW HITPOINT WARNING * * *
You are engulfed in flames!!
The fire burns you terribly!
You die...

#...........
#.......... . +
#...$.....# ..
#. #...(.....
... #..
#......K#..
.... #......KK
.....#...5K.#
......)###Y###
#....)))K3.#
#.####..5#....#
#..#.###....
##....# ..#
#<...## .#
..(.......># #
#..........#
.......#.....


You could see a sun demon (summoned), a kobold demonologist, a kobold brigand, a
quasit (summoned), a white imp (summoned) and 3 kobolds.

Vanquished Creatures
  A skeletal warrior (D:7)
  Maurice (D:8)
  A nameless horror (D:9)
  Grinder (D:5)
  Sigmund (D:6)
  A wyvern (D:6)
  Eustachio (D:5)
  Edmund (D:4)
  A water moccasin (D:8)
  2 black bears
  Duvessa (D:4)
  An orc warrior (D:9)
  2 hornet zombies
  An ice beast (D:5)
  4 ogres
  2 necrophages
  Blork the orc (D:4)
  Dowan (D:4)
  A gnoll sergeant (D:7)
  4 scorpions
  A killer bee (D:7)
  A howler monkey (D:8)
  A centaur zombie (D:6)
  5 orc priests
  5 iguanas
  Ijyb (D:4)
  4 orc wizards
  A hound zombie (D:5)
  8 mummies (Ossuary)
  6 adders
  7 gnolls
  A howler monkey skeleton (D:5)
  A white imp (D:7)
  5 dart slugs
  22 orcs
  8 bats
  7 endoplasms
  3 giant cockroaches
  11 hobgoblins
  7 jackals (D:5)
  9 kobolds
  3 quokkas
  4 ball pythons
  3 frilled lizards (D:1)
  7 goblins
  2 hobgoblin zombies (Ossuary)
  2 kobold zombies (Ossuary)
  4 orc zombies (Ossuary)
  9 rats
177 creatures vanquished.

Vanquished Creatures (collateral kills)
  A kobold brigand (D:9)
  2 orcs (D:9)
  A kobold (D:9)
4 creatures vanquished.

Vanquished Creatures (others)
  A plant (D:1)
1 creature vanquished.

Grand Total: 182 creatures vanquished

Notes
Turn   | Place    | Note
-------+----------+-------------------------------------------
     0 | D:1      | inmateoo the Gnoll Transmuter began the quest for the Orb.
     0 | D:1      | Reached XP level 1. HP: 17/17 MP: 6/6
    59 | D:1      | Found a faded altar of an unknown god.
   193 | D:1      | Reached XP level 2. HP: 20/23 MP: 5/7
   233 | D:1      | Found Hellunna's Distillery.
   490 | D:1      | Learned a level 2 spell: Wereblood
  1067 | D:1      | Reached XP level 3. HP: 28/28 MP: 9/9
  1078 | D:1      | Learned a level 3 spell: Spider Form
  1096 | D:1      | Reached skill level 5 in Spellcasting
  1522 | D:2      | Reached skill level 1 in Invocations
  1957 | D:2      | Reached skill level 1 in Short Blades
  1957 | D:2      | Reached skill level 1 in Long Blades
  1957 | D:2      | Reached skill level 1 in Axes
  1957 | D:2      | Reached skill level 1 in Maces & Flails
  1957 | D:2      | Reached skill level 1 in Polearms
  1957 | D:2      | Reached skill level 1 in Staves
  1957 | D:2      | Reached skill level 1 in Slings
  1957 | D:2      | Reached skill level 1 in Bows
  1957 | D:2      | Reached skill level 1 in Crossbows
  1957 | D:2      | Reached skill level 1 in Throwing
  1957 | D:2      | Reached skill level 1 in Armour
  1957 | D:2      | Reached skill level 1 in Stealth
  1957 | D:2      | Reached skill level 1 in Shields
  1957 | D:2      | Reached skill level 1 in Evocations
  1966 | D:2      | Identified a scroll of acquirement
  1966 | D:2      | Acquired 442 gold pieces
  2017 | D:2      | Reached XP level 4. HP: 27/34 MP: 7/11
  2321 | D:2      | Reached skill level 1 in Conjurations
  2321 | D:2      | Reached skill level 1 in Hexes
  2321 | D:2      | Reached skill level 1 in Summonings
  2321 | D:2      | Reached skill level 1 in Necromancy
  2321 | D:2      | Reached skill level 1 in Translocations
  2321 | D:2      | Reached skill level 1 in Fire Magic
  2321 | D:2      | Reached skill level 1 in Ice Magic
  2321 | D:2      | Reached skill level 1 in Air Magic
  2321 | D:2      | Reached skill level 1 in Earth Magic
  2321 | D:2      | Reached skill level 1 in Poison Magic
  2732 | D:3      | Noticed a scorpion
  2743 | D:3      | Killed a scorpion
  2744 | D:3      | Reached XP level 5. HP: 41/41 MP: 6/12
  3037 | D:3      | Found a transporter.
  3058 | D:3      | Learned a level 4 spell: Ice Form
  3208 | D:3      | Noticed wakim's ghost (amateur DEIE)
  3211 | D:3      | Found a transporter.
  3503 | D:4      | Noticed a necrophage
  3506 | D:4      | Reached XP level 6. HP: 24/47 MP: 12/14
  3508 | D:4      | Noticed a black bear
  3509 | D:4      | Noticed Edmund
  3630 | D:4      | Got the Guide on the Mountains
  3682 | D:4      | Reached skill level 5 in Dodging
  3694 | D:4      | Killed a necrophage
  3728 | D:4      | Killed a black bear
  3729 | D:4      | Reached XP level 7. HP: 37/52 MP: 11/15
  3771 | D:4      | Noticed Ijyb
  3785 | D:4      | Killed Ijyb
  3786 | D:4      | Reached skill level 7 in Unarmed Combat
  3788 | D:4      | Noticed Duvessa
  3793 | D:4      | Noticed Dowan
  3809 | D:4      | Killed Duvessa
  4086 | D:4      | Killed Dowan
  4121 | D:4      | Found a sand-covered staircase.
  4130 | Ossuary  | Entered an ossuary
  4489 | D:4      | Noticed Blork the orc
  4502 | D:4      | Killed Blork the orc
  4521 | D:4      | Killed Edmund
  4522 | D:4      | Reached XP level 8. HP: 54/60 MP: 12/16
  4762 | D:5      | Entered Level 5 of the Dungeon
  4812 | D:5      | Found a staircase to the Ecumenical Temple.
  4817 | Temple   | Entered the Ecumenical Temple
  4843 | Temple   | Became a worshipper of Cheibriados the Contemplative
  5114 | D:5      | Noticed Grinder
  5124 | D:5      | Paralysed by Grinder for 6 turns
  5138 | D:5      | Paralysed by Grinder for 3 turns
  5146 | D:5      | Killed Grinder
  5177 | D:5      | Learned a level 2 spell: Passwall
  5186 | D:5      | Learned a level 4 spell: Petrify
  5605 | D:5      | Noticed Eustachio
  5615 | D:5      | Killed Eustachio
  6029 | D:5      | Reached * piety under Cheibriados
  6030 | D:5      | Reached skill level 5 in Transmutations
  6030 | D:5      | Reached XP level 9. HP: 45/66 MP: 14/18
  6543 | D:6      | Noticed Sigmund
  6551 | D:6      | Killed Sigmund
  6835 | D:6      | Reached skill level 5 in Fighting
  7132 | D:7      | Reached ** piety under Cheibriados
  7406 | D:7      | Reached skill level 8 in Unarmed Combat
  7462 | D:7      | Noticed a skeletal warrior
  7473 | D:7      | Killed a skeletal warrior
  7474 | D:7      | Reached skill level 5 in Invocations
  7474 | D:7      | Reached XP level 10. HP: 17/74 MP: 16/20
  8372 | D:8      | Reached skill level 5 in Short Blades
  8372 | D:8      | Reached skill level 5 in Long Blades
  8372 | D:8      | Reached skill level 5 in Axes
  8372 | D:8      | Reached skill level 5 in Maces & Flails
  8372 | D:8      | Reached skill level 5 in Polearms
  8372 | D:8      | Reached skill level 5 in Staves
  8372 | D:8      | Reached skill level 5 in Slings
  8372 | D:8      | Reached skill level 5 in Bows
  8372 | D:8      | Reached skill level 5 in Crossbows
  8372 | D:8      | Reached skill level 5 in Throwing
  8372 | D:8      | Reached skill level 5 in Armour
  8372 | D:8      | Reached skill level 5 in Stealth
  8372 | D:8      | Reached skill level 5 in Shields
  8372 | D:8      | Reached skill level 5 in Evocations
  8507 | D:8      | Noticed Maurice
  8560 | D:8      | Killed Maurice
  8560 | D:8      | Reached *** piety under Cheibriados
  8816 | D:9      | Acquired the Volume of Creation
  8823 | D:9      | Learned a level 4 spell: Summon Lightning Spire
  8827 | D:9      | Found a runed translucent gate.
  8828 | D:9      | Noticed a nameless horror
  8833 | D:9      | Killed a nameless horror
  8834 | D:9      | Noticed a kobold demonologist
  8849 | D:9      | Noticed a sun demon
  8850 | D:9      | Mangled by a sun demon

Illustrated notes

Levels and vault maps discovered:
D:1:      minmay_arrival_stone_box, layout_basic,
          chequers_ecumenical_altar_lobes, serial_shops, shop
D:2:      layout_basic
D:3:      layout_loops_ring, gammafunk_ghost_mausoleum
D:4:      layout_loops_cross, nicolae_ossuary_entry_plus, abandoned_shop,
          minmay_circle_x, uniq_duvessa, uniq_blork_the_orc, uniq_edmund,
          uniq_ijyb
D:5:      layout_gridville, minmay_temple_entry_wispy, uniq_grinder,
          uniq_eustachio
D:6:      layout_rooms, uniq_sigmund
D:7:      layout_basic, st_stairs_11
D:8:      layout_rooms, uniq_maurice
D:9:      layout_rooms, amcnicky_altar_gilded, kennysheep_orc_sif_temple,
          mainiacjoe_overflow_big_doors, gammafunk_ghost_hydra_chop
Temple:   eino_narrow_crystal_temple

Skill      XL: |  1  2  3  4  5  6  7  8  9 10 |
---------------+-------------------------------+-----
Spellcasting   | 5 6 7 |  7.2
Invocations    | 1 2 3 4 5 |  5.6
Short Blades   | 1 2 3 4 5 |  5.1
Long Blades    | 1 2 3 4 5 |  5.1
Axes           | 1 2 3 4 5 |  5.1
Maces & Flails | 1 2 3 4 5 |  5.1
Polearms       | 1 2 3 4 5 |  5.1
Staves         | 1 2 3 4 5 |  5.1
Slings         | 1 2 3 4 5 |  5.1
Bows           | 1 2 3 4 5 |  5.1
Crossbows      | 1 2 3 4 5 |  5.1
Throwing       | 1 2 3 4 5 |  5.1
Armour         | 1 2 3 4 5 |  5.1
Stealth        | 1 2 3 4 5 |  5.1
Shields        | 1 2 3 4 5 |  5.1
Evocations     | 1 2 3 4 5 |  5.1
Conjurations   | 1 2 3 4 |  4.2
Hexes          | 1 2 3 4 |  4.2
Summonings     | 1 2 3 4 |  4.2
Necromancy     | 1 2 3 4 |  4.2
Translocations | 1 2 3 4 |  4.2
Fire Magic     | 1 2 3 4 |  4.2
Ice Magic      | 1 2 3 4 |  4.2
Air Magic      | 1 2 3 4 |  4.2
Earth Magic    | 1 2 3 4 |  4.2
Poison Magic   | 1 2 3 4 |  4.2
Fighting       | 3 4 5 |  5.8
Transmutations | 4 5 |  5.8
Dodging        | 5 6 7 |  7.0
Unarmed Combat | 7 8 |  8.4

Action                   |  1- 3 |  4- 6 |  7- 9 | 10-12 || total
-------------------------+-------+-------+-------+-------++-------
Melee: Unarmed           |   127 |   119 |   272 |    47 ||   565
       Bite              |     8 |     7 |     9 |       ||    24
       Headbutt          |     5 |     1 |     9 |       ||    15
       Punch             |     2 |       |     1 |       ||     3
       Kick              |     5 |     1 |     9 |       ||    15
 Cast: Beastly Appendage |    11 |     4 |     4 |       ||    19
       Spider Form       |     2 |     4 |     9 |     3 ||    18
       Wereblood         |       |     2 |    10 |     2 ||    14
       Ice Form          |       |     1 |     8 |     2 ||    11
       Passwall          |       |       |       |     2 ||     2
       Summon Lightning  |       |       |       |     2 ||     2
Evoke: Wand              |       |       |    13 |       ||    13
  Use: Scroll            |     3 |     2 |     9 |     1 ||    15
 Stab: Sleeping          |       |     1 |     6 |     2 ||     9
Armor: Robe              |    50 |    16 |    38 |       ||   104
       Skin              |     1 |     3 |    47 |    11 ||    62
Dodge: Dodged            |   134 |    75 |   215 |    37 ||   461
